 Dungeon Crawl Stone Soup version 0.32-a0-656-g3542139ebd (webtiles) character file.

Game seed: 9616216508309799533

937 croobank the Sneak (level 7, -1/56 HPs)
             Began as a Demonspawn Delver on Mar 8, 2024.
             Was an Initiate of Kikubaaqudgha.
             Slain by an orc warrior
             ... wielding a +0 halberd
              (12 damage)
             ... on level 6 of the Dungeon.
             The game lasted 00:17:13 (5144 turns).

croobank the Sneak (Demonspawn Delver)              Turns: 5144, Time: 00:17:14

Health: -1/56      AC:  7    Str: 12    XL:     7   Next: 87%
Magic:  8/8        EV: 15    Int: 19    God:    Kikubaaqudgha [......]
Gold:   413        SH:  0    Dex: 14    Spells: 8/8 levels left

rFire   . . .        k - +1 whip (venom)
rCold   . . .        (no shield)
rNeg    . . .        b - +1 leather armour
rPois   .            f - +2 hat
rElec   .            (no cloak)
rCorr   .            (no gloves)
SInv    .            c - +0 pair of boots
Will    .....        (no amulet)
Stlth   +++          e - +6 ring of intelligence
HPRegen 0.29/turn    (no ring)
MPRegen 0.11/turn

%: no passive effects
@: no status effects
A: repulsion field 1, demonic touch 1
a: Renounce Religion


You were on level 6 of the Dungeon.
You worshipped Kikubaaqudgha.
Kikubaaqudgha was noncommittal.
You visited 2 branches of the dungeon, and saw 8 of its levels.

You collected 413 gold pieces.

Inventory:

Hand Weapons
 a - a +0 vampiric short sword
 k - a +1 whip of venom (weapon)
Missiles
 p - 2 poisoned darts (quivered)
Armour
 b - a +1 leather armour (worn)
 c - a +0 pair of boots (worn)
 f - a +2 hat (worn)
 l - a +0 tower shield
Jewellery
 e - a +6 ring of intelligence (left hand)
Wands
 g - a wand of digging (3)
 r - a wand of flame (12)
Scrolls
 d - 2 scrolls of revelation
 h - a scroll of amnesia {unknown}
 i - a scroll of blinking {unknown}
 j - a scroll of brand weapon
 q - a scroll of teleportation {unknown}
 s - a scroll of fog
 t - a scroll of enchant weapon {unknown}
 v - a scroll of identify
Potions
 m - a potion of resistance {unknown}
 n - a potion of attraction
 o - a potion of curing
 u - a potion of magic {unknown}


   Skills:
 + Level 5.2 Fighting
 + Level 4.2 Short Blades
 + Level 4.2 Dodging
 + Level 6.3 Stealth
 + Level 1.2 Spellcasting
 + Level 1.6 Necromancy


You had 8 spell levels left.
You didn't know any spells.
Your spell library contained the following spells:

 Spells                   Type           Power      Damage    Failure   Level
 Summon Small Mammal      Summ           4%         N/A       24%         1
 Gell's Gravitas          Tloc           1%         N/A       56%         3
 Ozocubu's Armour         Ice            1%         N/A       56%         3
 Teleport Other           Tloc           1%         N/A       56%         3
 Metabolic Englaciation   Hex/Ice        0%         N/A       100%        5
 Dispersal                Tloc           0%         N/A       100%        6
 Sculpt Simulacrum        Ice/Alch       0%         N/A       100%        6
 Ozocubu's Refrigeration  Ice            0%         4d7       100%        7
 Polar Vortex             Ice            0%         N/A       100%        9


Dungeon Overview and Level Annotations

Branches:
Dungeon (7/15)             Temple (1/1) D:5

Altars:
Ashenzari
Cheibriados
Dithmenos
Fedhas
Gozag
Hepliaklqana
Kikubaaqudgha
Makhleb
Nemelex Xobeh
Okawaru
Qazlal
Ru
Trog
Uskayaw
Vehumet
Xom

Annotations:
D:2 1 runed translucent door, exclusion: downstairs, Crazy Yiuf


Innate Abilities, Weirdness & Mutations

You are surrounded by a mild repulsion field. (EV +2)
Your touch may inflict minor irresistible damage on your foes.


Message History

You hear a shout!
Aiming: Throw Flame
Press: ? - help, Q - select action, (/) - cycle Shift-Dir - straight line, f - orc warrior
Aim: an orc warrior, wielding a +0 halberd and wearing a +0 chain mail (64% to hit)
Okay, then.
Throw: 4 darts (poison)
Press: ? - help, Q - select action, (/) - cycle Shift-Dir - straight line, f - orc warrior
Aim: an orc warrior, wielding a +0 halberd and wearing a +0 chain mail (53% to hit)
You throw a poisoned dart.
The poisoned dart barely misses the orc warrior.
An orc comes into view. It is wielding a +0 hand axe.
You see here an iguana corpse.
Throw: 3 darts (poison)
Press: ? - help, Q - select action, (/) - cycle Shift-Dir - straight line, f/p - orc warrior
Aim: an orc warrior, wielding a +0 halberd and wearing a +0 chain mail (53% to hit)
You throw a poisoned dart.
The poisoned dart barely misses the orc warrior.
The orc warrior barely misses you.
You see here an iguana corpse.
You hit the orc warrior. Your touch misses the orc warrior.
The orc warrior is lightly wounded.
The orc warrior barely misses you.
You hit the orc warrior but do no damage.
The orc warrior is poisoned.
You touch the orc warrior!
The orc warrior is heavily wounded.
The orc warrior hits you with a +0 halberd!
You completely miss the orc warrior.
The orc warrior is heavily wounded.
The orc warrior hits you with a +0 halberd!
You hit the orc warrior but do no damage.
The orc warrior looks as sick as possible!
The orc warrior is heavily wounded.
The orc warrior hits you with a +0 halberd!
* * * LOW HITPOINT WARNING * * *
An orc wizard comes into view. It is wielding a +0 dagger.
The orc warrior completely misses you.
The orc wizard shouts!
The orc warrior hits you from afar with a +0 halberd!
You die...
Kikubaaqudgha rasps: You have failed me!
Welcome... death!

#.....# .... #.....#
.P. #.....# #..
#.....##.. #......$.
##... ..# .
#####...####†####.#..
...........@†oo.......
...###.#######o####.##.
#.#. ##..##.....
#...#### #.o.....#..
#....## #..).......
#.##<.## #.....#.$..
##......###....###._.
#............o.(.....
##†.[.....#....#### .


You could see an orc warrior (extremely poisoned), an orc wizard and an orc.

Vanquished Creatures
  Eustachio (D:5)
  A sky beast (D:6)
  A centaur (D:6)
  2 bullfrogs
  2 howler monkeys (D:4)
  A bombardier beetle (D:3)
  2 hounds
  A sleepcap (D:5)
  2 iguanas
  4 orc wizards
  Robin (D:3)
  3 adders
  A white imp (D:6)
  3 dart slugs
  11 orcs
  8 bats
  9 endoplasms
  6 giant cockroaches
  15 goblins
  10 hobgoblins
  A kobold (D:3)
  3 quokkas
  4 ball pythons
  A frilled lizard (D:1)
  7 rats
100 creatures vanquished.

Vanquished Creatures (collateral kills)
  A ribbon worm (D:2)
1 creature vanquished.

Grand Total: 101 creatures vanquished

Notes
Turn   | Place    | Note
-------+----------+-------------------------------------------
     0 | D:5      | croobank the Demonspawn Delver began the quest for the Orb.
     0 | D:5      | Reached XP level 1. HP: 18/18 MP: 1/1
    15 | D:6      | Found a shadowy altar of Dithmenos.
    15 | D:6      | Found a sacrificial altar of Ru.
    26 | D:7      | Noticed an ice beast
   126 | D:5      | Noticed a sleepcap
   130 | D:4      | Noticed a howler monkey
   141 | D:4      | Killed a howler monkey
   142 | D:4      | Gained mutation: You are surrounded by a mild repulsion
                  | field. (EV +2) [demonic ancestry]
   142 | D:4      | Reached XP level 2. HP: 4/24 MP: 2/2
   142 | D:4      | Reached XP level 3. HP: 5/29 MP: 3/3
   218 | D:3      | Found a faded altar of an unknown god.
   232 | D:3      | Got Plato's Grimoire of Leadership
   322 | D:3      | Noticed Robin
  1293 | D:2      | Reached XP level 4. HP: 35/35 MP: 4/4
  1887 | D:2      | Found a runed translucent door.
  1888 | D:2      | Noticed Crazy Yiuf
  2067 | D:2      | Reached skill level 5 in Stealth
  2453 | D:2      | Reached XP level 5. HP: 41/42 MP: 5/5
  3185 | D:3      | Killed Robin
  3351 | D:3      | Gained mutation: Your touch may inflict minor irresistible
                  | damage on your foes. [demonic ancestry]
  3351 | D:3      | Reached XP level 6. HP: 44/49 MP: 6/6
  4232 | D:5      | Noticed Eustachio
  4252 | D:5      | Killed Eustachio
  4253 | D:5      | Reached XP level 7. HP: 39/55 MP: 7/7
  4337 | D:5      | Noticed a +0 dagger
  4339 | D:5      | Noticed a +0 hand axe
  4342 | D:5      | Found a hide-covered altar of Uskayaw.
  4514 | D:5      | Reached skill level 6 in Stealth
  4592 | D:5      | Found a staircase to the Ecumenical Temple.
  4598 | Temple   | Entered the Ecumenical Temple
  4602 | Temple   | Became a worshipper of Kikubaaqudgha
  5022 | D:6      | Reached skill level 5 in Fighting
  5038 | D:6      | Reached skill level 1 in Necromancy
  5039 | D:6      | Found a snail-covered altar of Cheibriados.
  5060 | D:6      | Reached skill level 1 in Spellcasting
  5144 | D:6      | Slain by an orc warrior

Illustrated notes

Levels and vault maps discovered:
D:1:      minmay_arrival_up_and_down, layout_basic
D:2:      layout_basic, uniq_crazy_yiuf_cottage
D:3:      layout_loops_ring, shapermc_ecumenical_altar_rom_forum, uniq_robin
D:4:      layout_rooms
D:5:      layout_loops_cross, dancing_weapons_uskayaw,
          minmay_temple_entry_enclosed_plants, dreamdust_wishing_well,
          kennysheep_donut, uniq_eustachio
D:6:      layout_rooms, yredelemnul_altar_generic, cheibriados_altar_1,
          nicolae_overflow_hidden_temple, small_statue_intersection
D:7:      layout_cave_pods, mainiacjoe_overflow_alcove_2, serial_park,
          serial_park_square3 [serial_park_minivault_5x5_8], serial_park_tiny_2,
          serial_park_gazebo [serial_park_minivault_5x5_1],
          serial_park_tiny_pond, uniq_maggie, uniq_maurice, uniq_duvessa,
          uniq_joseph
Temple:   hellmonk_temple_two_chambers

Skill      XL: |  1  2  3  4  5  6  7 |
---------------+----------------------+-----
Short Blades   | 2 3 4 |  4.2
Dodging        | 2 3 4 |  4.2
Stealth        | 5 6 |  6.3
Fighting       | 4 5 |  5.2
Necromancy     | 1 |  1.6
Spellcasting   | 1 |  1.2

Action                     |  1- 3 |  4- 6 |  7- 9 || total
---------------------------+-------+-------+-------++-------
  Melee: Short sword       |    88 |   255 |       ||   343
         Whip              |       |    64 |    68 ||   132
         Touch             |       |    11 |    13 ||    24
  Throw: Dart              |       |    13 |     2 ||    15
  Evoke: Wand              |       |     1 |     3 ||     4
    Use: Scroll            |     6 |     4 |       ||    10
         Potion            |     1 |     4 |       ||     5
   Stab: Sleeping          |     9 |     6 |     2 ||    17
         Distracted        |     1 |       |       ||     1
 Armour: Leather armour    |    31 |   148 |    38 ||   217
         Skin              |       |    33 |       ||    33
  Dodge: Dodged            |    57 |   199 |    54 ||   310

Table legend: (Time is in decaauts)
 A = Elapsed time spent in this place.
 B = Non-inter-level travel time spent in this place.
 C = Inter-level travel time spent in this place.
 D = Time resting spent in this place.
 E = Time spent auto-exploring this place.
 F = Levels seen in this place.
 G = Mean time per level.
                   A        B        C        D        E       F      G
               +--------+--------+--------+--------+--------+-----+--------+
         Total |   5107 |   4959 |    148 |   1019 |   2604 |   8 |  638.4 |
       Dungeon |   5099 |   4955 |    144 |   1019 |   2604 |   7 |  728.4 |
        Temple |      8 |      4 |      4 |      0 |      0 |   1 |    8.0 |
               +--------+--------+--------+--------+--------+-----+--------+

Top non-repeatable levels by time:
     D:2: 1228 daAuts
     D:3: 1158 daAuts
     D:1: 1003 daAuts
     D:5: 845 daAuts
     D:4: 664 daAuts
     D:6: 165 daAuts
     D:7: 33 daAuts
  Temple: 8 daAuts
